AoeStats
← PALITOMAN

Nomad

509483671Analyzed
4v4 RM · 6d ago on Sep 26, 2026· 47m 59s· 8 players
Game mode
Random Map
Map size
231×231
Population
200
Speed
Normal
Resources
Standard
Victory
Conquest
Starting age
Dark Age
Ending age
Imperial Age
RankedLock teamsTeams togetherTeam positionsShared explorationLock speedFull tech treeHidden civsTurbo modeCheats
Victory
Defeat
🇧🇷 Persians · Brazil
1173
+13
🇨🇴 Italians · Colombia
1161
+13
🇦🇷 Tupi · Argentina
1140
+14
🇪🇸 Varangians · Spain
1123
+15
🇹🇼 Spanish · Taiwan
1134
-16
🇺🇸 Malay · United States
1101
-14
🇺🇸 Mongols · United States
1094
-13
🇮🇳 Lithuanians · India
1054
-12
ELTRAVERO
3:34 Loom
15:34 Feudal Age
17:57 Fishing Lines
18:27 Town Watch
18:30 Double-Bit Axe
18:36 Gold Mining
19:28 Gold Mining
21:43 Forging
23:55 Wheelbarrow
23:10 Horse Collar
28:07 Castle Age
26:02 Fletching
26:44 Scale Mail Armor
28:15 Stone Mining
28:47 Gillnets
28:42 Pikeman
29:26 Arson
29:42 Squires
29:39 Bodkin Arrow
30:20 Iron Casting
29:57 Town Patrol
31:00 Bow Saw
31:26 Gold Shaft Mining
31:25 Hand Cart
36:45 Imperial Age
35:27 Chain Mail Armor
36:29 Ballistics
36:16 Treadmill Crane
38:50 Two-Man Saw
38:16 Conscription
40:28 Chemistry
40:18 Bracer
40:50 Plate Mail Armor
43:14 Padded Archer Armor
45:39 Elite Blackwood Archer
Dani Blackmore
5:33 Loom
14:32 Feudal Age
19:15 Castle Age
20:00 Fishing Lines
20:16 Double-Bit Axe
22:23 Wheelbarrow
22:05 Bow Saw
23:09 Gillnets
25:52 Elite Skirmisher
33:07 Imperial Age
30:49 Fletching
33:59 Husbandry
35:26 Light Cavalry
38:00 Chemistry
39:00 Forging
46:35 Ballistics
46:26 Thumb Ring
47:18 Hand Cart
JMB
5:05 Loom
16:04 Feudal Age
16:27 Town Watch
18:06 Padded Archer Armor
20:36 Castle Age
18:58 Double-Bit Axe
20:29 Scale Barding Armor
25:29 Fletching
26:13 Elite Skirmisher
32:47 Wheelbarrow
35:22 Hand Cart
38:25 Imperial Age
38:39 Husbandry
39:42 Cavalier
42:06 Chain Barding Armor
43:00 Savar
44:19 Plate Barding Armor
44:39 Conscription
45:32 Kamandaran
46:51 Forging
PALITOMAN
3:34 Loom
3:41 Loom
14:14 Feudal Age
15:36 Double-Bit Axe
23:30 Castle Age
23:50 Fishing Lines
25:13 Bow Saw
25:27 Town Watch
26:17 Wheelbarrow
25:54 Gillnets
28:09 Fletching
29:55 Hand Cart
31:32 Bow Saw
32:04 Bodkin Arrow
36:19 Imperial Age
33:53 Padded Archer Armor
35:31 Scale Barding Armor
38:28 Chemistry
37:48 Ballistics
38:09 Town Patrol
38:45 Bloodlines
38:35 Husbandry
39:34 Forging
42:45 Chain Barding Armor
43:56 Iron Casting
44:40 Horse Collar
45:15 Elite Jarl
47:05 Blast Furnace
46:52 Conscription
47:09 Plate Barding Armor
46:08 Light Cavalry
ConnorX37B
4:05 Loom
17:42 Feudal Age
18:41 Double-Bit Axe
18:56 Fishing Lines
21:12 Wheelbarrow
24:44 Castle Age
25:32 Gillnets
26:05 Bow Saw
29:08 Hand Cart
28:39 Town Watch
32:57 Imperial Age
30:45 Fortified Wall
30:30 Murder Holes
30:46 Masonry
30:50 Forging
30:42 Scale Mail Armor
32:50 Iron Casting
32:09 Horse Collar
32:42 Pikeman
33:23 Squires
32:44 Man-at-Arms
33:10 Arson
33:54 Long Swordsman
34:02 Capped Ram
36:05 Drill
35:13 Two-Handed Swordsman
36:30 Siege Engineers
36:38 Siege Ram
38:56 Chain Mail Armor
39:51 Blast Furnace
38:13 Champion
40:15 Plate Mail Armor
43:00 Heavy Scorpion
43:37 Fletching
43:48 Padded Archer Armor
46:51 Chemistry
46:11 Ballistics
Lone Wolf
6:47 Loom
14:44 Feudal Age
19:21 Castle Age
18:13 Double-Bit Axe
18:36 Horse Collar
20:08 Scale Barding Armor
21:39 Bloodlines
21:44 Town Watch
23:37 Husbandry
28:35 Gold Mining
31:06 Wheelbarrow
30:54 Chain Barding Armor
31:14 Forging
31:28 Town Patrol
31:49 Stone Mining
32:48 Fletching
32:59 Padded Archer Armor
33:28 Bodkin Arrow
34:10 Elite Skirmisher
37:56 Imperial Age
36:03 Hand Cart
36:51 Iron Casting
37:16 Leather Archer Armor
36:57 Light Cavalry
39:22 Conscription
39:28 Bracer
39:59 Ring Archer Armor
40:22 Plate Barding Armor
40:46 Ballistics
40:38 Masonry
41:15 Winged Hussar
43:03 Scale Mail Armor
43:16 Tower Shields
mark_aoe_2024
4:36 Loom
16:07 Feudal Age
16:01 Fishing Lines
17:34 Double-Bit Axe
24:22 Castle Age
22:18 Stone Mining
22:46 Gold Mining
25:30 Medium Warships
25:44 Gillnets
26:12 Fletching
26:57 Thalassocracy
27:00 Bodkin Arrow
34:36 Wheelbarrow
34:51 Ballistics
36:48 Hand Cart
39:16 Bow Saw
38:55 Horse Collar
39:20 Elite Skirmisher
40:54 Heavy Plow
44:00 Imperial Age
42:01 Padded Archer Armor
42:22 Pikeman
43:03 Squires
44:28 Chemistry
43:37 Bracer
45:13 Conscription
44:23 Man-at-Arms
47:00 Forced Levy
46:23 Long Swordsman
46:59 Long Swordsman
只會5TC
5:19 Loom
12:49 Feudal Age
13:24 Double-Bit Axe
16:23 Wheelbarrow
18:20 Castle Age
19:54 Bow Saw
20:35 Horse Collar
31:52 Imperial Age
32:11 Gold Mining
33:43 Two-Man Saw
32:45 Heavy Plow
34:12 Fletching
42:01 Bodkin Arrow
Connection lost

Rejoining the realm…

Still unreachable

The connection could not be restored.

Session expired

The server has moved on; the page needs a fresh start.